 Dungeon Crawl Stone Soup version 0.22-a0-351-g29664b4 (webtiles) character file.

319 4thArraOfDagon the Firebug (level 6, -2/36 HPs)
             Began as an Octopode Fire Elementalist on Apr 13, 2018.
             Was an Initiate of Vehumet.
             Slain by a worker ant (6 damage)
             ... on level 6 of the Dungeon.
             The game lasted 00:05:10 (963 turns).

4thArraOfDagon the Firebug (OpFE)                    Turns: 963, Time: 00:05:10

Health: -2/36      AC:  1    Str:  8    XL:     6   Next: 45%
Magic:  2/10       EV: 13    Int: 19    God:    Vehumet [......]
Gold:   176        SH:  3    Dex: 12    Spells: 3/11 levels left

rFire    . . .     SeeInvis .   e - +2 dagger (venom)
rCold    . . .     Gourm    .   (no shield)
rNeg     . . .     Faith    .   (helmet restricted)
rPois    .         Spirit   .   i - +3 amulet of reflection
rElec    .         Reflect  +   (no ring)
rCorr    .         Harm     .   (no ring)
MR       .....                  (no ring)
Stlth    +++.......             (no ring)
HPRegen  0.12/turn              (no ring)
MPRegen  0.12/turn              (no ring)
                                (no ring)
                                (no ring)

@: flying
A: almost no armour, stealthy swim, amphibious, 8 rings, constrict 8, camouflage
1, gelatinous body 1
a: Renounce Religion


You were on level 6 of the Dungeon.
You worshipped Vehumet.
Vehumet was noncommittal.
You were not hungry.

You visited 2 branches of the dungeon, and saw 7 of its levels.

You collected 176 gold pieces.

Inventory:

Hand Weapons
 e - a +2 dagger of venom (weapon)
Jewellery
 i - a +3 amulet of reflection (around mantle)
Scrolls
 d - a scroll of teleportation
Potions
 a - a potion of cancellation {unknown}
 c - a potion of haste {unknown}
 g - a potion of flight
 h - a potion of agility {unknown}
 j - a potion of curing {unknown}
 k - a potion of brilliance {unknown}
Comestibles
 b - 4 rations
 f - 3 chunks of flesh


   Skills:
 - Level 2.0 Dodging
 - Level 2.6 Stealth
 + Level 3.1 Spellcasting
 * Level 4.0 Conjurations
 * Level 5.0 Fire Magic


You had 3 spell levels left.
You knew the following spells:

 Your Spells              Type           Power        Failure   Level  Hunger
a - Flame Tongue          Conj/Fire      ###..        2%          1    None
b - Conjure Flame         Conj/Fire      ###.....     7%          3    ###....
c - Sticky Flame          Conj/Fire      ###.....     22%         4    ####...


Dungeon Overview and Level Annotations

Branches:
Dungeon (6/15)             Temple (1/1) D:5

Altars:
Nemelex Xobeh
Vehumet
Wu Jian

Annotations:
D:2 Terence
D:6 Eustachio


Innate Abilities, Weirdness & Mutations

You cannot wear most types of armour.
You are very stealthy in the water. (Stealth+)
You are amphibious.
You can wear up to eight rings at the same time.
You can use your tentacles to constrict eight enemies at once.
Your skin changes colour to match your surroundings (Stealth+).
Your rubbery body absorbs attacks. (AC +1, EV +1)


Message History

Unknown command.
Unknown command.
Unknown command.
Unknown command.
The centaur burns!
You kill the centaur!
Vehumet accepts your kill.
Your Conjurations skill increases to level 4!
Your Fire Magic skill increases to level 5!
You see here an arrow.
Unknown command.
Okay, then.
Unknown command.
It was a potion of flight.
You feel very buoyant.
You fly up into the air.
The worker ant misses you.
Unknown command.
The orc wizard gestures wildly while chanting.
The orc wizard blinks!
The worker ant bites you.
You die...

..... ..... #...#
#### # #...# #..
..##...###.#
...........## #+###.#
#...##...#####.......
#..'..÷'@ab'o......
#.##...#####o§.o...
#.##...# ....?..
#.##...# .o.....
#.##...# ..b....
#.##...# ..o....
#.##...# ..rr...
#.##...# .......
#.##...#


You could see an orc warrior, a worker ant, 2 orc wizards and a bat.

Vanquished Creatures
  A centaur (D:6)
  2 bullfrogs (D:6)
  Jessica (D:2)
  An adder (D:6)
  4 gnolls (D:5)
  A worm (D:2)
  A dart slug (D:2)
  2 leopard geckos
  A giant cockroach (D:2)
  A goblin (D:3)
  3 hobgoblins (D:2)
  A jackal (D:2)
  A quokka (D:5)
  A ball python skeleton (D:5)
  3 bats
  4 frilled lizards (D:2)
  2 kobolds
  5 rats
35 creatures vanquished.

Notes
Turn   | Place    | Note
-------+----------+-------------------------------------------
     0 | D:1      | 4thArraOfDagon the Octopode Fire Elementalist began the quest for the Orb.
     0 | D:1      | Reached XP level 1. HP: 11/11 MP: 3/3
   144 | D:2      | Reached XP level 2. HP: 17/17 MP: 0/5
   301 | D:2      | Noticed Jessica
   311 | D:2      | Killed Jessica
   311 | D:2      | Reached XP level 3. HP: 10/21 MP: 0/6
   316 | D:2      | Learned a level 3 spell: Conjure Flame
   333 | D:2      | Noticed Terence
   556 | D:4      | Noticed a phantom
   563 | D:5      | Entered Level 5 of the Dungeon
   622 | D:5      | Noticed a centaur
   634 | D:5      | Found a staircase to the Ecumenical Temple.
   694 | D:5      | Reached XP level 4. HP: 27/27 MP: 1/7
   713 | D:5      | Reached skill level 4 in Fire Magic
   736 | Temple   | Entered the Ecumenical Temple
   755 | Temple   | Became a worshipper of Vehumet
   800 | D:6      | Learned a level 4 spell: Sticky Flame
   814 | D:6      | Noticed a bullfrog
   822 | D:6      | Killed a bullfrog
   822 | D:6      | Reached XP level 5. HP: 26/31 MP: 0/9
   941 | D:6      | Reached XP level 6. HP: 30/36 MP: 4/10
   957 | D:6      | Noticed Eustachio
   957 | D:6      | Noticed an orc warrior
   961 | D:6      | Reached skill level 5 in Fire Magic
   963 | D:6      | Slain by a worker ant

Vault maps used:
D:1:      dpeg_arrival_boxorama
D:2:      grunt_decor_fettered, minmay_pentomino_s2, uniq_jessica, uniq_terence,
          uniq_crazy_yiuf_cottage
D:3:      kennysheep_okawaru_gauntlet, minitemple, kennysheep_generic_room_5
D:4:      nrook_mini_backslash
D:5:      temple_doors_e, first_ration, st_stairs_7, palyth_stone_intersect,
          kennysheep_pointless_box
D:6:      kennysheep_mini_moat, minmay_crystal_room, uniq_eustachio
Temple:   oiseaux_autumnal_temple

Skill      XL: |  1  2  3  4  5  6 |
---------------+-------------------+-----
Conjurations   | 2 3 4 |  4.0
Fire Magic     | 4 5 |  5.0
Spellcasting   | 3 |  3.1
Dodging        | |  2.0
Stealth        | |  2.6

Action                   |  1- 3 |  4- 6 || total
-------------------------+-------+-------++-------
Melee: Dagger            |    35 |    10 ||    45
       Constrict         |    10 |     5 ||    15
       Tentacles         |     5 |     3 ||     8
 Cast: Flame Tongue      |    14 |    12 ||    26
       Conjure Flame     |     1 |     2 ||     3
       Sticky Flame      |       |     1 ||     1
  Use: Scroll            |     4 |       ||     4
       Potion            |       |     1 ||     1
 Stab: Sleeping          |     8 |       ||     8
  Eat: Chunk             |       |     1 ||     1
Armor: Skin              |     4 |       ||     4
Dodge: Dodged            |    17 |     8 ||    25
Block: Other             |     1 |       ||     1
       Reflection        |     1 |       ||     1

Table legend:
 A = Spawn XP
 B = Non-spawn XP
 C = Spawn XP percentage of total XP
 D = Spawn monster count
 E = Non-spawn monster count
 F = Spawn count percentage of total count
 G = Total turns spent on level
                    A         B        C        D         E        F      G
               +---------+---------+-------+---------+---------+-------+---------
         Total |       0 |     456 |   0.0 |       0 |      35 |   0.0 |   963
               +---------+---------+-------+---------+---------+-------+---------
           D:1 |       0 |       4 |   0.0 |       0 |       3 |   0.0 |   122
           D:2 |       0 |      67 |   0.0 |       0 |      17 |   0.0 |   336
           D:3 |       0 |       5 |   0.0 |       0 |       4 |   0.0 |    98
           D:5 |       0 |      61 |   0.0 |       0 |       6 |   0.0 |   183
           D:6 |       0 |     319 |   0.0 |       0 |       5 |   0.0 |   174
               +---------+---------+-------+---------+---------+-------+---------
